 Dungeon Crawl Stone Soup version 0.22-a0-433-gd2a9cce (webtiles) character file.

2044 Borgoz the Skirmisher (level 9, -1/75 HPs)
             Began as a Ghoul Abyssal Knight on May 27, 2018.
             Was a Priest of Lugonu.
             Splashed by an oklob plant's acid (10 damage)
             ... on level 6 of the Dungeon.
             The game lasted 00:11:56 (5941 turns).

Borgoz the Skirmisher (Ghoul Abyssal Knight)        Turns: 5941, Time: 00:11:57

Health: -1/75      AC:  6    Str: 18    XL:     9   Next: 24%
Magic:  7/11       EV: 13    Int:  7    God:    Lugonu [***...]
Gold:   345        SH:  0    Dex: 18    Spells: 8/8 levels left

rFire    . . .     SeeInvis .   i - +5 hand axe of Extermination {speed, +Blink rElec rC- Dex+7}
rCold    . . .     Gourm    .   (no shield)
rNeg     + + +     Faith    .   x - +0 scale mail {rPois}
rPois    ∞         Spirit   .   f - +2 helmet
rElec    +         Reflect  .   (no cloak)
rCorr    .         Harm     .   (no gloves)
MR       +....                  (no boots)
Stlth    ..........             (no amulet)
HPRegen  0.00/turn              l - +2 ring of strength
MPRegen  0.12/turn              p - ring of protection from magic

@: corroded, rotting
A: rotting body, claws 1, carnivore, cold resistance 1, negative energy
resistance 3, inhibited regeneration, torment resistance, unbreathing
a: Depart the Abyss, Bend Space, Banish, Renounce Religion, Evoke Blink


You were on level 6 of the Dungeon.
You worshipped Lugonu.
Lugonu was most pleased with you.
You were hungry.

You visited 1 branch of the dungeon, and saw 6 of its levels.
You visited the Abyss 1 time.

You collected 345 gold pieces.

Inventory:

Hand Weapons
 i - the +5 hand axe of Extermination (weapon) {speed, +Blink rElec rC- Dex+7}
   (You found it on level 5 of the Dungeon)

   Attacks with this weapon are significantly faster.
   It affects your dexterity (+7).
   It makes you vulnerable to cold.
   It insulates you from electricity.
   It lets you blink.
Armour
 f - a +2 helmet (worn)
 x - a +0 scale mail of poison resistance (worn)
Jewellery
 l - a +2 ring of strength (left claw)
 p - a ring of protection from magic (right claw)
Wands
 q - a wand of random effects (64)
 s - a wand of flame (51)
Scrolls
 a - a scroll of amnesia {unknown}
 e - 6 scrolls of magic mapping
 h - a scroll of random uselessness {unknown}
 j - 2 scrolls of fear
 m - 4 scrolls of teleportation
 n - 2 scrolls of remove curse
 t - a scroll of blinking {unknown}
 v - a scroll of enchant weapon
Potions
 c - 2 potions of cancellation
 d - a potion of flight
 g - a potion of resistance
 r - a potion of magic
 u - a potion of agility
Comestibles
 b - 13 rations


   Skills:
 + Level 6.3 Fighting
 + Level 2.1 Axes
 * Level 5.7 Armour
 * Level 5.5 Dodging
 - Level 0.2 Stealth
 - Level 5.0 Unarmed Combat
 + Level 4.8 Invocations


You had 8 spell levels left.
You didn't know any spells.
Your spell library was empty.

Dungeon Overview and Level Annotations

Branches:
Dungeon (6/15)
 Temple: D:4-7

Altars:
Elyvilon
Fedhas
Hepliaklqana
Qazlal
Ru

Annotations:
D:6 exclusion: oklob plant


Innate Abilities, Weirdness & Mutations

Your body is rotting away.
You thrive on raw meat.
You are immune to poison.
You have sharp fingernails.
You are carnivorous and can eat meat at any time.
Your flesh is cold resistant. (rC+)
You are immune to negative energy. (rN+++)
You do not regenerate when monsters are visible.
You are immune to unholy pain and torment.
You can survive without breathing.


Message History

Aim: an oklob plant (moderately damaged, chance to defeat MR: 69%)
You fail to use your ability.
Press: ? - help, Shift-Dir - straight line, f/p - oklob plant
Aim: an oklob plant (moderately damaged, chance to defeat MR: 69%)
The oklob plant struggles to resist.
You are feeling hungry.
The oklob plant spits acid at you. The splash of acid hits you!
* * * LOW HITPOINT WARNING * * *
You are splashed with acid!
The acid burns!
* * * LOW HITPOINT WARNING * * *
Autopickup is now off.
Autopickup is now on.
Okay, then.
You feel better. The oklob plant spits acid at you.
The splash of acid hits you!
* * * LOW HITPOINT WARNING * * *
The acid corrodes you!
You are splashed with acid!
The acid burns!
You die...

##.....## #.## #.# ###.
..##.......#####..## #.# ##.
#.#................######.####..
.'....................†........
#..........###.....#########.#
##.......########### #########
##.....##PPP♣♣P♣P.#♣P#PPPPP #
##...###PPP...PPP.P♣♣♣PP♣♣♣#
##'##


#PP.@P.P♣♣#PPP#PPPPP# #.# #...PPP.#PPPPP.PPPPP# #.# #PP.PP#.........PPPP# ##.##
#P..PPP..≈≈≈≈≈..P♣PP# ##...###PPPPP..≈≈≈≈≈≈≈..P#.# #.....##PPP♣..≈≈≈≈≈≈≈≈≈..PP#
##...####PPP.≈≈≈≈≈≈≈≈≈≈≈.#P# ########.####PPPP.≈≈≈≈...≈≈≈≈.###
......).....#PP#♣......_.≈≈≈≈.... You could see an oklob plant.

Vanquished Creatures
  Eustachio (D:4)
  Menkaure (D:5)
  Edmund (D:6)
  A water moccasin (D:6)
  A black bear (D:5)
  An orc warrior (D:3)
  3 phantoms
  2 centaurs
  An ogre (D:5)
  The ghost of Gorglomux the Sneak, an amateur SpBe of Gozag (D:3)
  2 bullfrogs (D:6)
  A scorpion (D:4)
  2 crimson imps (D:6)
  7 hounds
  2 orc wizards (D:3)
  2 iguanas (D:6)
  2 worker ants
  A hound zombie (D:5)
  8 adders
  4 worms
  3 dart slugs
  3 leopard geckos
  13 orcs
  10 bats
  2 giant cockroaches (D:5)
  6 goblins
  7 hobgoblins
  10 quokkas
  2 ball pythons
  6 kobolds
  A leopard gecko skeleton (D:6)
  A leopard gecko zombie (D:4)
  5 rats
  A fungus (D:6)
114 creatures vanquished.

Vanquished Creatures (others)
  A quokka (D:5)
1 creature vanquished.

Grand Total: 115 creatures vanquished

Notes
Turn   | Place    | Note
-------+----------+-------------------------------------------
     0 | Abyss:1  | Borgoz the Ghoul Abyssal Knight began the quest for the Orb.
     0 | Abyss:1  | Reached XP level 1. HP: 19/19 MP: 1/1
    51 | Abyss:1  | Noticed a bone dragon
    52 | D:1      | Escaped the Abyss
    87 | D:1      | Reached * piety under Lugonu
   156 | D:1      | Reached XP level 2. HP: 26/26 MP: 2/2
   240 | D:1      | Reached skill level 4 in Fighting
   380 | D:1      | Reached XP level 3. HP: 19/33 MP: 3/3
   894 | D:2      | Reached skill level 1 in Dodging
   901 | D:2      | Reached XP level 4. HP: 36/40 MP: 4/4
   962 | D:2      | Reached ** piety under Lugonu
  1561 | D:3      | Found a sacrificial altar of Ru.
  1707 | D:3      | Reached XP level 5. HP: 26/47 MP: 5/5
  1777 | D:3      | Noticed Gorglomux's ghost (amateur SpBe)
  1803 | D:3      | Killed Gorglomux's ghost
  2052 | D:3      | Noticed an orc warrior
  2173 | D:4      | Reached XP level 6. HP: 27/53 MP: 6/6
  2573 | D:4      | Noticed Eustachio
  2599 | D:4      | HP: 2/55 [Eustachio/falchion of slicing (3)]
  2602 | D:4      | Killed Eustachio
  2602 | D:4      | Reached skill level 5 in Fighting
  2602 | D:4      | Reached XP level 7. HP: 1/61 MP: 6/8
  3265 | D:5      | Entered Level 5 of the Dungeon
  3629 | D:5      | Noticed Menkaure
  3642 | D:5      | Killed Menkaure
  3642 | D:5      | Reached XP level 8. HP: 41/69 MP: 9/9
  3820 | D:5      | Found a stormy altar of Qazlal.
  3885 | D:5      | Reached skill level 5 in Unarmed Combat
  4019 | D:5      | Found a white marble altar of Elyvilon.
  4090 | D:5      | Got a transparent hand axe
  4091 | D:5      | Identified the +5 hand axe of Extermination {speed, +Blink rElec rC- Dex+7} (You found it on level 5 of the Dungeon)
  4111 | D:5      | Found a hazy altar of Hepliaklqana.
  4430 | D:6      | Reached skill level 1 in Axes
  4430 | D:6      | Reached skill level 5 in Armour
  4706 | D:3      | Reached skill level 6 in Fighting
  4888 | D:6      | Reached skill level 5 in Dodging
  5066 | D:6      | Noticed Edmund
  5094 | D:6      | Reached XP level 9. HP: 45/75 MP: 11/11
  5106 | D:6      | Killed Edmund
  5440 | D:6      | Reached *** piety under Lugonu
  5697 | D:6      | Found a blossoming altar of Fedhas.
  5711 | D:6      | Noticed an oklob plant
  5941 | D:6      | Splashed by an oklob plant's acid

Vault maps used:
D:1:      mainiacjoe_arrival_reflecting_pool
D:2:      first_ration
D:3:      nicolae_ru_sacrificial_ziggurat, minmay_misc_feat_plants
D:4:      uniq_eustachio
D:5:      black_bear_nest_2, marbit_many_paths, lemuel_doored_altar,
          elyvilon_altar_4, uniq_menkaure
D:6:      tgw_fedhas, uniq_edmund
Abyss:1:  evilmike_abyss_exit_2

Skill      XL: |  1  2  3  4  5  6  7  8  9 |
---------------+----------------------------+-----
Fighting       | 4 5 6 |  6.3
Armour         | 2 3 4 5 |  5.7
Dodging        | 1 2 3 5 |  5.5
Unarmed Combat | 3 4 5 |  5.0
Invocations    | 3 4 |  4.8
Axes           | 1 2 |  2.1
Stealth        | |  0.2

Action                   |  1- 3 |  4- 6 |  7- 9 || total
-------------------------+-------+-------+-------++-------
Melee: Unarmed           |   100 |   215 |   138 ||   453
       Punch             |     1 |     3 |    13 ||    17
       Hand axe          |       |       |   205 ||   205
Invok: Depart the Abyss  |     1 |       |       ||     1
       Banish            |       |       |     1 ||     1
  Use: Scroll            |     3 |     8 |     2 ||    13
       Potion            |       |     6 |     3 ||     9
  Eat: Chunk             |     9 |    20 |     9 ||    38
Armor: Leather armour    |    31 |    28 |       ||    59
       Ring mail         |       |    59 |    89 ||   148
       Scale mail        |       |       |    10 ||    10
Dodge: Dodged            |    80 |   145 |   182 ||   407

Table legend:
 A = Spawn XP
 B = Non-spawn XP
 C = Spawn XP percentage of total XP
 D = Spawn monster count
 E = Non-spawn monster count
 F = Spawn count percentage of total count
 G = Total turns spent on level
                    A         B        C        D         E        F      G
               +---------+---------+-------+---------+---------+-------+---------
         Total |       0 |    2920 |   0.0 |       0 |     113 |   0.0 |  5941
               +---------+---------+-------+---------+---------+-------+---------
           D:1 |       0 |      42 |   0.0 |       0 |      23 |   0.0 |   623
           D:2 |       0 |      63 |   0.0 |       0 |      16 |   0.0 |   629
           D:3 |       0 |     365 |   0.0 |       0 |      19 |   0.0 |  1088
           D:4 |       0 |     394 |   0.0 |       0 |      14 |   0.0 |  1141
           D:5 |       0 |    1042 |   0.0 |       0 |      20 |   0.0 |  1073
           D:6 |       0 |    1014 |   0.0 |       0 |      21 |   0.0 |  1335
               +---------+---------+-------+---------+---------+-------+---------
